 Dungeon Crawl Stone Soup version 0.29.1-2-gbd0b4ee654 (webtiles) character file.

Game seed: 4247152241322897329

30 Mune the Magician (level 3, 0/25 HPs)
             Began as a Djinni Fire Elementalist on Nov 25, 2022.
             Slain by a hobgoblin (5 damage)
             ... led by Robin
             ... on level 2 of the Dungeon.
             The game lasted 00:05:03 (1583 turns).

Mune the Magician (Djinni Fire Elementalist)        Turns: 1583, Time: 00:05:05

Health: 0/25       AC:  2    Str:  6    XL:     3   Next: 37%
Gold:   42         EV: 12    Int: 22    God:
                   SH:  0    Dex: 12

rFire   + + .      SeeInvis .   b - +0 mace
rCold   x . .      Faith    .   (no shield)
rNeg    . . .      Spirit   .   a - +0 robe
rPois   ∞          Reflect  .   (no helmet)
rElec   .          Harm     .   (no cloak)
rCorr   .          Rampage  .   (no gloves)
Will    .....                   (boots unavailable)
Stlth   ++........              (no amulet)
HPRegen 0.08/turn               (no ring)
MPRegen 0.00/turn               (no ring)

@: flying, invisible
A: sickness immunity, fire resistance 2, cold vulnerability 1, float, innate
caster, HP casting, extra vitality 1, clever 1, subdued magic 1, noise
suppression
a: no special abilities


You were on level 2 of the Dungeon.
You visited 1 branch of the dungeon, and saw 2 of its levels.

You collected 42 gold pieces.

Inventory:

Hand Weapons
 b - a +0 mace (weapon)
 f - a +0 spear
Armour
 a - a +0 robe (worn)
 h - a +0 leather armour
 k - a +1 barding
Scrolls
 d - a scroll of magic mapping {unknown}
Potions
 g - 3 potions of curing {unknown}


   Skills:
 + Level 2.5 Dodging
 + Level 1.6 Stealth
 + Level 3.1 Spellcasting


You couldn't memorise any spells.
You knew the following spells:

 Your Spells              Type           Power      Damage    Failure   Level
a - Foxfire               Conj/Fire      52%        2x1d6     2%          1
b - Scorch                Fire           26%        2d6       3%          2
c - Conjure Flame         Conj/Fire      13%        6-21      8%          3
d - Inner Flame           Hex/Fire       13%        N/A       8%          3
e - Flame Wave            Conj/Fire      13%        2d6       28%         4
f - Sandblast             Erth           26%        2d8       2%          1
Your spell library was empty.

Dungeon Overview and Level Annotations

Branches:
Dungeon (2/15)

Altars:

Shops:
D:1 *

Annotations:
D:2 Robin


Innate Abilities, Weirdness & Mutations

You are immune to sickness and miasma.
You are immune to poison.
Your flesh is very heat resistant. (rF++)
You are vulnerable to cold. (rC-)
You float through the air rather than walking.
You learn spells naturally, not from books.
Your magical power is your life essence.
You have superior vitality. (+4 MHP)
Your mind is acute. (Int +4, Str/Dex -1)
Your spells are a little easier to cast, but a little less powerful.
You passively dampen the noise of your surroundings.


Message History

The fire begins to smoulder!
The bat closely misses you. The goblin barely misses you.
The goblin hits you with a +0 club.
An endoplasm comes into view.
The bat hits you. The goblin misses you. The bat closely misses you.
The goblin smothers the flame.
The bat attacks as you move away! The bat barely misses you.
The goblin attacks as you move away! The goblin barely misses you.
The bat closely misses you. The bat misses you. x2
The goblin hits you with a +0 club. The goblin hits you with a +0 dagger.
The goblin attacks as you move away! The goblin closely misses you.
The bat closely misses you.
As you read the scroll labelled ARPHUE NOFIFU, it crumbles to dust.
It is a scroll of enchant armour.
Okay, then.
The goblin hits you with a +0 club.
* * * LOW HITPOINT WARNING * * *
Robin throws the goblin at you! The goblin misses you.
It was a potion of mutation.
You feel extremely strange.
Your connection to magic feels subdued.
You feel your surroundings grow quieter.
You feel clever. The bat hits you.
* * * LOW HITPOINT WARNING * * *
The goblin barely misses you. The goblin closely misses you.
The endoplasm jiggles.
Your magical contamination has completely faded away.
It was a potion of cancellation.
You feel magically purged. The bat barely misses you.
The goblin hits you but does no damage. The goblin barely misses you.
Robin misses you.
There are monsters nearby!
There are monsters nearby!
It was a potion of invisibility.
You fade into invisibility!
The goblin no longer looks unusually strong.
The goblin barely misses you.
Robin roars a battlecry!
The goblin goes into a battle-frenzy!
The goblin barely misses you. The hobgoblin hits you.
You die...

#.#....# #.#....#
#.#....# #######'#....#
.............##
.......g......#
.......g.J....#
......gggb....#
#######@#######
#######g## .........#
.........########
.................
.........########
.........########
................# #
....†.†.........#####.#


You could see Robin (unable to see you), an endoplasm, 2 hobgoblins, 3 goblins
and a bat.

Vanquished Creatures
  A gnoll (D:1)
  A dart slug (D:1)
  3 bats
  3 endoplasms (D:1)
  2 giant cockroaches (D:1)
  A hobgoblin (D:1)
  A quokka (D:2)
  A ball python (D:2)
  A frilled lizard (D:1)
  A goblin (D:1)
  3 kobolds (D:1)
18 creatures vanquished.

Vanquished Creatures (others)
  53 foxfires (D:1)
53 creatures vanquished.

Grand Total: 71 creatures vanquished

Notes
Turn   | Place    | Note
-------+----------+-------------------------------------------
     0 | D:1      | Mune the Djinni Fire Elementalist began the quest for the
                  | Orb.
     0 | D:1      | Mune set off with the following spells memorised: Foxfire,
                  | Scorch, Conjure Flame, Inner Flame, Flame Wave.
     0 | D:1      | Reached XP level 1. HP: 15/15 MP: 0/0
   214 | D:1      | Found Keang's Assorted Antiques.
   272 | D:1      | Reached XP level 2. HP: 17/21 MP: 0/0
   561 | D:1      | Reached skill level 3 in Spellcasting
   561 | D:1      | Reached XP level 3. HP: 10/25 MP: 0/0
   561 | D:1      | Learned a level 1 spell: Sandblast
  1125 | D:1      | Found a faded altar of an unknown god.
  1571 | D:2      | Noticed Robin
  1581 | D:2      | Gained mutation: Your spells are a little easier to cast,
                  | but a little less powerful. [potion of mutation]
  1581 | D:2      | Gained mutation: You passively dampen the noise of your
                  | surroundings. [potion of mutation]
  1581 | D:2      | Gained mutation: Your mind is acute. (Int +4, Str/Dex -1)
                  | [potion of mutation]
  1583 | D:2      | Slain by a hobgoblin

Illustrated notes

Levels and vault maps discovered:
D:1:      scummos_arrival_checkerplants, layout_basic, serial_shops,
          nicolae_shop_statue_plus, basic_ecumenical_altar,
          minmay_misc_feat_five
D:2:      layout_basic, basic_altar, nrook_mini_backslash, uniq_robin

Skill      XL: |  1  2 |
---------------+-------+-----
Spellcasting   | 3 |  3.1
Dodging        | |  2.5
Stealth        | |  1.6

Action                   || total
-------------------------++-------
Melee: Unarmed           ||     1
       Mace              ||     3
 Cast: Foxfire           ||    39
       Scorch            ||     3
       Conjure Flame     ||     2
       Inner Flame       ||     1
  Use: Potion            ||     3
       Scroll            ||     1
Armor: Robe              ||     8
Dodge: Dodged            ||    37
